 Dungeon Crawl Stone Soup version 0.20.1-1-g8b1a95d (webtiles) character file.

1261 gobwax the Geomancer (level 8, -3/46 HPs)
             Began as an Octopode Earth Elementalist on July 28, 2017.
             Was an Initiate of Vehumet.
             Slain by a killer bee (10 damage)
             ... on level 8 of the Dungeon.
             The game lasted 00:20:01 (6142 turns).

gobwax the Geomancer (Octopode Earth Elementalist)  Turns: 6142, Time: 00:20:02

Health: -3/46      AC:  1    Str:  7    XL:     8   Next: 52%
Magic:  10/15      EV: 13    Int: 19    God:    Vehumet [......]
Gold:   219        SH:  0    Dex: 13    Spells: 8/17 levels left

rFire    . . .     SeeInvis .   r - +1 quarterstaff
rCold    . . .     Gourm    .   (shield currently unavailable)
rNeg     . . .     Faith    .   (helmet restricted)
rPois    +         Spirit   .   z - amulet of magic regeneration
rElec    .         Reflect  .   m - ring of resist corrosion
rCorr    +         Harm     .   t - ring of poison resistance
MR       +....                  y - ring of flight
Stlth    +++.......             B - ring of protection from magic
Regen    0.2/turn               (no ring)
MPRegen  0.3/turn               (no ring)
                                (no ring)
                                (no ring)

@: no status effects
A: almost no armour, stealthy swim, amphibious, 8 rings, constrict 8, camouflage
1, gelatinous body 1
a: Renounce Religion, Evoke Flight


You were on level 8 of the Dungeon.
You worshipped Vehumet.
Vehumet was noncommittal.
You were not hungry.

You visited 2 branches of the dungeon, and saw 8 of its levels.
You also visited: Sewer.

You collected 219 gold pieces.

Inventory:

Hand Weapons
 r - a +1 quarterstaff (weapon)
Missiles
 b - 18 stones (quivered)
Jewellery
 e - an uncursed ring of protection from fire {unknown}
 m - a ring of resist corrosion (left tentacle)
 t - a ring of poison resistance (right tentacle)
 w - an uncursed amulet of rage
 y - a ring of flight (on tentacle)
 z - an amulet of magic regeneration (around mantle)
 B - a ring of protection from magic (on tentacle)
Wands
 k - a wand of confusion (15/48)
 D - a wand of paralysis (19/24)
Scrolls
 a - 4 scrolls of remove curse {unknown}
 g - 4 scrolls of recharging {unknown}
 i - 2 scrolls of blinking {unknown}
 n - 2 scrolls of fear
 p - a scroll of summoning {unknown}
 x - a scroll of brand weapon {unknown}
 A - 4 scrolls of identify
 C - a scroll of enchant weapon
 F - 2 scrolls of teleportation
Potions
 h - a potion of flight
 l - a potion of might
 q - a potion of agility
 s - 5 potions of curing
 u - a potion of lignification {unknown}
 v - a potion of berserk rage {unknown}
 E - a potion of resistance {unknown}
Books
 d - a book of Geomancy

   Spells                             Type                      Level
   a - Sandblast                      Earth                        1
   b - Passwall                       Transmutation/Earth          2
   c - Stone Arrow                    Conjuration/Earth            3
   d - Petrify                        Transmutation/Earth          4
   e - Lee's Rapid Deconstruction     Earth                        5
Comestibles
 c - 5 bread rations
 f - 2 royal jellies
 j - a meat ration
 o - a fruit


   Skills:
 - Level 2.0 Dodging
 - Level 2.6 Stealth
 + Level 5.3 Spellcasting
 * Level 2.5 Conjurations
   Level 1.0 Transmutations
 * Level 8.5 Earth Magic


You had 8 spell levels left.
You knew the following spells:

 Your Spells              Type           Power        Failure   Level  Hunger
a - Sandblast             Erth           #####.       1%          1    None
b - Stone Arrow           Conj/Erth      ####..       3%          3    ##.....
c - Lee's Rapid Deconstr  Erth           #####.....   10%         5    #####..


Dungeon Overview and Level Annotations

Branches:
Dungeon (8/15)             Temple (1/1) D:5
   Lair: D:8-11

Altars:
Cheibriados
Dithmenos
Hepliaklqana
Nemelex Xobeh
Qazlal
Sif Muna
Trog
Uskayaw
Vehumet
Xom
Zin


Innate Abilities, Weirdness & Mutations

You cannot wear most types of armour.
You are very stealthy in the water. (Stealth+)
You are amphibious.
You can wear up to eight rings at the same time.
You can use your tentacles to constrict eight enemies at once.
Your skin changes colour to match your surroundings (Stealth+).
Your rubbery body absorbs attacks. (AC +1, EV +1)


Message History

The blast of sand hits the killer bee.
The killer bee is severely wounded.
b - 19 stones The killer bee stings you!
The killer bee closely misses you. The killer bee stings you!
Casting: Sandblast
Confirm with . or Enter, or press ? or * to list all spells.
Aiming: Sandblast
Press: ? - help, Shift-Dir - straight line, f/p - killer bee
Aim: a killer bee (severely wounded)
The blast of sand hits the killer bee.
The killer bee is severely wounded.
b - 18 stones The killer bee barely misses you.
The killer bee stings you. The killer bee barely misses you. x2
Okay, then.
The killer bee barely misses you. The killer bee stings you!
* * * LOW HITPOINT WARNING * * *
The killer bee stings you!
You die...

...# #..# #.#
#.#... . .# #..
##### #.# #.#.##
... #...# #.# #.#
#.. #...# #.# #.#
..
#.##...####.#####.#
##
###..#.......[....#
..................#
.###.#yy..........#
#....@.......####
#.#.....##...# #
#(#.#.##...#
#...#.##...#
#...#.##...#
#...#.##.$.# #..#
....


You could see 2 killer bees.

Vanquished Creatures
  An orc warrior (D:6)
  3 bullfrogs (D:8)
  Blork the orc (D:4)
  2 scorpions
  A killer bee (D:8)
  5 crimson imps
  3 hounds (D:4)
  An orc priest (D:8)
  Ijyb (D:3)
  2 orc wizards (D:4)
  7 worker ants
  11 adders
  An ooze (D:3)
  An adder skeleton (D:8)
  2 worms
  3 dart slugs
  2 leopard geckos
  19 orcs
  5 giant cockroaches
  6 goblins
  9 hobgoblins
  8 jackals (Sewer)
  6 quokkas
  3 ball pythons (Sewer)
  11 bats
  12 frilled lizards
  9 kobolds
  5 rats
  9 plants (Sewer)
149 creatures vanquished.

Notes
Turn   | Place    | Note
-------+----------+-------------------------------------------
     0 | D:1      | gobwax the Octopode Earth Elementalist began the quest for the Orb.
     0 | D:1      | Reached XP level 1. HP: 11/11 MP: 3/3
   111 | D:1      | Reached XP level 2. HP: 15/17 MP: 1/5
   568 | D:1      | Reached XP level 3. HP: 18/21 MP: 0/6
   764 | D:2      | Reached skill level 4 in Earth Magic
   778 | D:2      | Learned a level 3 spell: Stone Arrow
  1302 | D:2      | Reached XP level 4. HP: 27/27 MP: 5/8
  1818 | D:3      | Noticed Ijyb
  1851 | D:3      | Killed Ijyb
  1851 | D:3      | Reached XP level 5. HP: 8/31 MP: 0/9
  2147 | D:3      | Reached skill level 5 in Earth Magic
  2589 | D:4      | Noticed Blork the orc
  2683 | D:4      | Reached XP level 6. HP: 35/36 MP: 0/11
  2772 | D:4      | Found a glowing drain.
  2784 | Sewer    | Entered a sewer
  3996 | D:4      | Learned a level 5 spell: Lee's Rapid Deconstruction
  4018 | D:4      | Killed Blork the orc
  4018 | D:4      | Reached skill level 1 in Conjurations
  4018 | D:4      | Reached skill level 6 in Earth Magic
  4331 | D:4      | Reached XP level 7. HP: 16/41 MP: 3/12
  4939 | D:5      | Entered Level 5 of the Dungeon
  5318 | D:5      | Found a staircase to the Ecumenical Temple.
  5321 | D:5      | Reached skill level 7 in Earth Magic
  5331 | Temple   | Entered the Ecumenical Temple
  5363 | Temple   | Became a worshipper of Vehumet
  5407 | D:5      | Found a sparkling altar of Nemelex Xobeh.
  5576 | D:5      | Found a hazy altar of Hepliaklqana.
  5577 | D:5      | Found a shimmering altar of Xom.
  5577 | D:5      | Noticed a tentacled monstrosity
  5578 | D:5      | Noticed a spectral ugly thing
  5578 | D:5      | Noticed a tentacled monstrosity
  5772 | D:6      | Found a bloodstained altar of Trog.
  5773 | D:6      | Reached XP level 8. HP: 46/46 MP: 9/15
  5796 | D:6      | You fall through a shaft for 2 floors!
  5826 | D:8      | Reached skill level 5 in Spellcasting
  5828 | D:8      | Reached skill level 8 in Earth Magic
  6074 | D:8      | Noticed a purple ugly thing
  6142 | D:8      | Slain by a killer bee

Skill      XL: |  1  2  3  4  5  6  7  8 |
---------------+-------------------------+-----
Earth Magic    | 4 5 6 7 8 |  8.5
Spellcasting   | 3 4 5 |  5.3
Conjurations   | 1 2 |  2.5
Dodging        | |  2.0
Stealth        | |  2.6
Transmutations | |  1.0

Action                   |  1- 3 |  4- 6 |  7- 9 || total
-------------------------+-------+-------+-------++-------
Melee: Unarmed           |    18 |     4 |       ||    22
       Constrict         |     6 |    24 |     5 ||    35
       Tentacles         |     2 |    43 |     2 ||    47
       Quarterstaff      |       |   199 |    35 ||   234
 Cast: Sandblast         |    50 |    78 |    51 ||   179
       Stone Arrow       |     1 |     8 |    12 ||    21
       Lee's Rapid Decon |       |       |     3 ||     3
  Use: Potion            |       |     8 |     1 ||     9
       Scroll            |       |     5 |     6 ||    11
 Stab: Sleeping          |     1 |     6 |     3 ||    10
       Distracted        |       |     1 |       ||     1
  Eat: Chunk             |     1 |    11 |     6 ||    18
       Fruit             |       |     1 |     1 ||     2
Armor: Skin              |     4 |    11 |     5 ||    20
Dodge: Dodged            |    24 |    54 |    53 ||   131
